 Dungeon Crawl Stone Soup version 0.19-a0-919-g901835a (webtiles) character file.

32 Sixotanaka the Slasher (level 3, 0/24 HPs)
             Began as a High Elf Skald on July 5, 2016.
             Slain by a hobgoblin (4 damage)
             ... led by Robin
             ... on level 2 of the Dungeon.
             The game lasted 00:03:17 (817 turns).

Sixotanaka the Slasher (High Elf Skald)              Turns: 817, Time: 00:03:18

Health: 0/24       AC:  5    Str: 11    XL:     3   Next: 10%
Magic:  1/7        EV: 10    Int: 16    God:
Gold:   93         SH:  0    Dex: 15    Spells: 2 memorised, 3 levels left

rFire  + . .     SeeInvis .     a - +0 falchion
rCold  + . .     Gourm    .     j - +0 ring mail
rNeg   . . .     Faith    .     (no shield)
rPois  +         Spirit   .     (no helmet)
rElec  +         Dismiss  .     (no cloak)
rCorr  +         Reflect  .     (no gloves)
SustAt .         Harm     .     (no boots)
MR     .....                    (no amulet)
Stlth  +.........               (no ring)
                                (no ring)

@: resistant, very slightly contaminated, not resistant to hostile enchantments,
very unstealthy
A: no striking features
a: no special abilities


You were on level 2 of the Dungeon.
You were not hungry.

You visited 1 branch of the dungeon, and saw 2 of its levels.

You collected 93 gold pieces.


   Skills:
 - Level 2.0 Fighting
 * Level 4.2 Long Blades
 - Level 0.8 Armour
 - Level 1.1 Dodging
 - Level 2.4 Spellcasting
 + Level 3.7 Charms


You had 3 spell levels left.
You knew the following spells:

 Your Spells              Type           Power        Failure   Level  Hunger
a - Shroud of Golubria    Chrm/Tloc      #.........   38%         2    ###....
z - Infusion              Chrm           ##..         12%         1    #......


Dungeon Overview and Level Annotations

Branches:
Dungeon (2/15)

Altars:

Annotations:
D:2 Robin

Inventory:

Hand Weapons
 a - a +0 falchion (weapon)
Missiles
 e - 19 stones (quivered)
Armour
 j - a +0 ring mail (worn)
   (You took it off a goblin on level 1 of the Dungeon)
Scrolls
 b - a scroll of immolation {unknown}
 h - a scroll of recharging {unknown}
 i - 2 scrolls of identify {unknown}
 k - a scroll of remove curse {unknown}
Books
 c - a book of Battle
Comestibles
 d - 2 bread rations {@e1}
 f - a chunk of flesh
 g - a meat ration {@e2}

#.# #.# #.#
#.# #.# ##
#.# .. #.#
.# #@# .#
#g###.###...
#g).g..g....
#####.#####.
.# g# g. ##


You could see Robin and a hobgoblin.


Message History

You kill the goblin!
You have reached level 3!
Your experience leads to an increase in your attributes!
Increase (S)trength, (I)ntelligence, or (D)exterity?
You feel agile.
You feel clever.
You barely miss the goblin. The goblin hits you.
* * * LOW HITPOINT WARNING * * *
Unknown command.
You barely miss the goblin. The goblin barely misses you.
You riposte.
You hit the goblin!
You kill the goblin!
You miscast Shroud of Golubria.
You are very lightly contaminated with residual magic.
Nothing appears to happen.
You barely miss the goblin. The goblin barely misses you.
You hit the goblin.
Your magical infusion is running out.
The goblin hits you.
* * * LOW HITPOINT WARNING * * *
You hit the goblin.
You kill the goblin!
You closely miss the goblin. The goblin barely misses you.
You hit the goblin. The goblin hits you but does no damage.
You closely miss the goblin. The goblin hits you but does no damage.
You hit the goblin. The goblin hits you but does no damage.
You slash the goblin!
You kill the goblin!
You are no longer magically infusing your attacks.
Robin of the Strong Arm comes into view.
She is wielding a short sword.
It was a potion of resistance.
You feel protected. The hobgoblin completely misses you.
You riposte.
You hit the hobgoblin.
You aren't carrying any potions.
Unknown command.
You closely miss the hobgoblin. The hobgoblin closely misses you.
You riposte.
You hit the hobgoblin but do no damage. You hit the hobgoblin but do no damage.
The hobgoblin hits you.
* * * LOW HITPOINT WARNING * * *
Unknown command.
Okay, then.
You hit the hobgoblin but do no damage. The hobgoblin barely misses you.
You riposte.
You completely miss the hobgoblin.
Robin says, "Feeling lonely?"
You hit the hobgoblin but do no damage.
The hobgoblin hits you but does no damage.
You hit the hobgoblin but do no damage. The hobgoblin barely misses you.
The hobgoblin hits you.
* * * LOW HITPOINT WARNING * * *
You hit the hobgoblin but do no damage. The hobgoblin hits you.
You die...

Vault maps used:
D:1:      mrwooster_arrival_statue_2, fountainhead
D:2:      uniq_natasha, uniq_iyjb, uniq_robin

Vanquished Creatures
  A dart slug (D:1)
  A giant gecko (D:1)
  3 hobgoblins (D:1)
  4 jackals (D:1)
  5 kobolds
  2 bats (D:1)
  7 goblins
  2 rats (D:1)
25 creatures vanquished.

Table legend:
 A = Turns spent in this place as a percentage of turns spent in the entire game.
 B = Non-inter-level travel turns spent in this place as a percentage of non-inter-level travel turns spent in the entire game.
 C = Inter-level travel turns spent in this place as a percentage of turns spent in this place.
 D = Turns resting spent in this place as a percentage of non-inter-level travel turns spent in this place.
 E = Turns spent auto-exploring this place as a percentage of non-inter-level travel turns spent in this place.
 F = Non-inter-level travel turns spent in this place divided by the number of levels of this place that you've seen.
                   A       B       C       D       E      F
               +-------+-------+-------+-------+-------+----------------------
         Total | 100.0 | 100.0 |   0.4 |   5.4 |  11.4 | 140.0
       Dungeon | 100.0 | 100.0 |   0.4 |   5.4 |  11.4 | 140.0
               +-------+-------+-------+-------+-------+----------------------

Table legend:
 A = Kills in this place as a percentage of kills in entire the game.
 B = Kills by you in this place as a percentage of kills by you in the entire game.
 C = Kills by friends in this place as a percentage of kills by friends in the entire game.
 D = Other kills in this place as a percentage of other kills in the entire game.
 E = Experience gained in this place as a percentage of experience gained in the entire game.
 F = Experience gained in this place divided by the number of levels of this place that you have seen.
                   A       B       C       D       E      F
               +-------+-------+-------+-------+-------+----------------------
         Total | 100.0 | 100.0 |  -nan |  -nan | 100.0 |  23.5
       Dungeon | 100.0 | 100.0 |  -nan |  -nan | 100.0 |  23.5
               +-------+-------+-------+-------+-------+----------------------

Notes
Turn   | Place    | Note
-------+----------+-------------------------------------------
     0 | D:1      | Sixotanaka the High Elf Skald began the quest for the Orb.
     0 | D:1      | Reached XP level 1. HP: 14/14 MP: 4/4
    48 | D:1      | Reached skill level 3 in Long Blades
   213 | D:1      | Reached XP level 2. HP: 19/19 MP: 1/6
   339 | D:1      | Learned a level 2 spell: Shroud of Golubria
   616 | D:1      | Reached skill level 4 in Long Blades
   799 | D:2      | Reached XP level 3. HP: 10/24 MP: 3/7
   811 | D:2      | Noticed Robin
   813 | D:2      | HP: 4/24 [hobgoblin[Robin] (4)]
   817 | D:2      | Slain by a hobgoblin

Action                   || total
-------------------------++-------
Melee: Falchion          ||   108
Throw: Stone             ||     1
 Cast: Infusion          ||     5
  Use: Potion            ||     1
Armor: Leather armour    ||    16
       Ring mail         ||     8
Dodge: Dodged            ||    52
